 Dungeon Crawl Stone Soup version 0.31.0-11-ge490571c62 (webtiles) character file.

Game seed: 13119874468151106970

27781 monsoonserge the Jinx (level 13, -11/76 (83) HPs)
             Began as a Human Enchanter on Feb 4, 2024.
             Was a High Priest of Ru.
             Mangled by a wyvern (45 damage)
             ... on level 3 of the Lair of Beasts.
             The game lasted 01:21:29 (15074 turns).

monsoonserge the Jinx (Human Enchanter)            Turns: 15074, Time: 01:21:29

HP:   -11/76 (83)   AC: 12    Str: 11    XL:     13   Next: 34%
MP:   15/23         EV:  2    Int: 20    God:    Ru [*****.]
Gold: 735           SH:  0    Dex: 20    Spells: 3/26 levels left

rFire   + . .        W - +4 dagger
rCold   . . .        (no shield)
rNeg    . . .        R - +0 steam dragon scales
rPois   +            g - +0 helmet
rElec   .            T - +1 cloak of Anaesthesia {rF+ Str+2 SInv}
rCorr   .            G - +0 pair of gloves
SInv    +            D - +2 pair of boots {rampage}
Will    .....        E - amulet of regeneration
Stlth   +++          X - +6 ring of dexterity
HPRegen 1.12/turn    p - ring of poison resistance
MPRegen 0.18/turn

%: inaccuracy (-5), rampage
@: sleeping, on blink cooldown, very slightly contaminated, slowed, drained
A: frail 1, inability to drink after injury 2, inability to train armour,
missing an eye, explore regen
a: Renounce Religion, Draw Out Power, Power Leap, Apocalypse


You were on level 3 of the Lair of Beasts.
You worshipped Ru.
Ru was extremely pleased with you.
You visited 3 branches of the dungeon, and saw 16 of its levels.
You also visited: Gauntlet.

You collected 897 gold pieces.
You spent 162 gold pieces at shops.

Inventory:

Hand Weapons
 B - a +2 dagger of freezing
 U - a +2 dagger of draining
 W - a +4 dagger (weapon)
Missiles
 a - 7 boomerangs (quivered)
 t - 4 atropa-tipped darts
 K - 2 curare-tipped darts
 V - 6 javelins
Armour
 g - a +0 helmet (worn)
 D - a +2 pair of boots of rampaging (worn)
 G - a +0 pair of gloves (worn)
 R - +0 steam dragon scales (worn)
 T - the +1 cloak of Anaesthesia (worn) {rF+ Str+2 SInv}
   (You found it on level 7 of the Dungeon)

   Str+2:     It affects your strength (+2).
   rF+:       It protects you from fire.
   SInv:      It lets you see invisible.
Jewellery
 e - a ring of wizardry
 k - a +5 ring of evasion
 p - a ring of poison resistance (right hand)
 E - an amulet of regeneration (around neck)
 J - a ring of see invisible
 O - a ring of flight
 X - a +6 ring of dexterity (left hand)
Wands
 x - a wand of mindburst (7)
 L - a wand of paralysis (19)
 M - a wand of roots (12)
 Q - a wand of acid (9)
 Z - a wand of polymorph (3)
Scrolls
 d - 2 scrolls of poison
 h - a scroll of torment
 i - a scroll of vulnerability
 j - 9 scrolls of teleportation {unknown}
 l - 2 scrolls of amnesia
 m - a scroll of silence
 o - 2 scrolls of enchant weapon
 r - 2 scrolls of immolation
 w - 5 scrolls of revelation
 y - 3 scrolls of blinking
 z - 5 scrolls of fog
 P - 2 scrolls of enchant armour
Potions
 b - 4 potions of brilliance
 c - 3 potions of invisibility
 f - 10 potions of curing
 n - 6 potions of lignification
 q - 3 potions of berserk rage
 s - 2 potions of enlightenment
 u - a potion of might {unknown}
 v - a potion of resistance {unknown}
 A - 2 potions of magic
 C - 2 potions of heal wounds {unknown}
 F - a potion of attraction {unknown}
 H - 2 potions of ambrosia {unknown}
 N - 2 potions of mutation
Miscellaneous
 I - a phial of floods
 S - a phantom mirror
 Y - a sack of spiders


   Skills:
 + Level 6.0 Fighting
 - Level 10.0 Short Blades
 + Level 3.6 Throwing
 + Level 7.0 Dodging
 - Level 5.0 Stealth
 - Level 7.0 Spellcasting
 - Level 11.0 Hexes
 * Level 7.5 Summonings
 * Level 4.6 Translocations
 - Level 2.0 Ice Magic
 * Level 3.9 Alchemy
 - Level 4.0 Evocations


You had 3 spell levels left.
You knew the following spells:

 Your Spells              Type           Power      Damage    Failure   Level
a - Ensorcelled Hibernat  Hex/Ice        66%        N/A       1%          2
b - Confusing Touch       Hex            50%        N/A       1%          3
c - Blink                 Tloc           50%        N/A       2%          2
d - Cause Fear            Hex            25%        N/A       1%          4
e - Call Imp              Summ           74%        N/A       1%          2
f - Summon Forest         Summ/Tloc      15%        N/A       22%         5
g - Yara's Violent Unrav  Hex/Alch       18%        3d9       12%         5

Your spell library contained the following spells:

 Spells                   Type           Power      Damage    Failure   Level
 Jinxbite                 Hex            100%       N/A       1%          2
 Tukima's Dance           Hex            50%        N/A       1%          3
 Dazzling Flash           Conj/Hex       58%        N/A       3%          3
 Foxfire                  Conj/Fire      28%        2x1d5     10%         1
 Kiss of Death            Conj/Necr      28%        2d7       10%         1
 Magic Dart               Conj           28%        1d4       10%         1
 Sandblast                Erth           14%        2d6       10%         1
 Passwall                 Erth           7%         N/A       28%         3
 Stone Arrow              Conj/Erth      14%        3d7       28%         3
 Anguish                  Hex/Necr       14%        N/A       10%         4
 Ignite Poison            Fire/Alch      14%        N/A       38%         4
 Sticky Flame             Fire/Alch      14%        2d5       38%         4
 Enfeeble                 Hex            25%        N/A       65%         7
 Brom's Barrelling Bould  Conj/Erth      7%         2d3       67%         4
 Dispel Undead            Necr           7%         3d8       67%         4
 Eringya's Noxious Bog    Alch           11%        4d6       96%         6
 Summon Hydra             Summ           18%        N/A       98%         7
 Plasma Beam              Fire/Air       3%         2x1d13    100%        6
 Starburst                Conj/Fire      3%         6d3       100%        6
 Haunt                    Necr/Summ      11%        N/A       100%        7
 Borgnjor's Revivificati  Necr           3%         N/A       100%        8
 Ignition                 Fire           3%         3d4       100%        8
 Death's Door             Necr           3%         N/A       100%        9


Dungeon Overview and Level Annotations

Branches:
Dungeon (12/15)            Temple (1/1) D:6            Lair (3/5) D:11
 Shoals (0/4) Lair:2       Spider (0/4) Lair:2          Orc (0/2) D:11
Gauntlet (visited)

Altars:
Ashenzari
Cheibriados
Dithmenos
Elyvilon
Fedhas
Gozag
Hepliaklqana
Kikubaaqudgha
Makhleb
Nemelex Xobeh
Okawaru
Qazlal
Ru
Sif Muna
Trog
Uskayaw
Vehumet
Wu Jian
Xom
Yredelemnul
Zin
The Shining One

Shops:
D:4 *:   D:5 *   D:6 (


Innate Abilities, Weirdness & Mutations

You are frail. (-10% HP)
You sometimes lose the ability to drink potions when taking damage.
You cannot train Armour skill.
You are missing an eye, making it more difficult to aim.
You regain HP and MP as you explore.


Message History

Casting: Ensorcelled Hibernation (safe; 1% risk of failure)
Confirm with . or Enter, or press ? or * to list all spells.
Aiming: Ensorcelled Hibernation (safe; 1% risk of failure)
Press: ? - help, Shift-Dir - straight line, f/p - torpor snail
Aim: a torpor snail (chance to affect: 15%)
The torpor snail resists with almost no effort.
The torpor snail bites you!
Unknown command.
Casting: Ensorcelled Hibernation (safe; 1% risk of failure)
Confirm with . or Enter, or press ? or * to list all spells.
Aiming: Ensorcelled Hibernation (safe; 1% risk of failure)
Press: ? - help, Shift-Dir - straight line, f/p - torpor snail
Aim: a torpor snail (chance to affect: 15%)
The torpor snail resists with almost no effort.
A nearby plant withers and dies.
The torpor snail bites you! The wyvern bites you!
Casting: Ensorcelled Hibernation (safe; 1% risk of failure)
Confirm with . or Enter, or press ? or * to list all spells.
Okay, then.
Casting: Ensorcelled Hibernation (safe; 1% risk of failure)
Confirm with . or Enter, or press ? or * to list all spells.
You don't know that spell.
Casting: Ensorcelled Hibernation (safe; 1% risk of failure)
Confirm with . or Enter, or press ? or * to list all spells.
You miscast Blink.
You are very lightly contaminated with residual magic.
Nothing appears to happen.
The wyvern is stunned by your conviction and fails to attack.
The torpor snail bites you but does no damage.
The wyvern bites you!
Casting: Blink (safe; 2% risk of failure)
Confirm with . or Enter, or press ? or * to list all spells.
You blink.
The dream sheep bleats! x3
You redirect the dream sheep's attack!
The dream sheep shake their wool and sparkle.
You feel drowsy...
You fall asleep.
The wyvern bites you!!!
Ouch! That really hurt!
You die...

......... ###
##........
...###...Y.Y...
................
............Y....
..............!..
.................
.........@..#
.........k..#
........w...#
............#
.......ยง....##
.............#
.............#
.............##
..............#


You could see a torpor snail, a wyvern and 3 dream sheep.

Vanquished Creatures
  A minotaur (Gauntlet)
  A hydra (Lair:2)
  A hell beast (Gauntlet)
  A boulder beetle (D:11)
  5 two-headed ogres
  A catoblepas (Gauntlet)
  A necromancer (Gauntlet)
  2 cyclopes (D:11)
  3 elephants (Lair:3)
  A molten gargoyle (Gauntlet)
  2 unseen horrors (D:11)
  2 komodo dragons
  A rime drake (Lair:1)
  2 kobold demonologists (D:10)
  3 cane toads (Lair:2)
  4 polar bears
  9 trolls
  A hornet (D:9)
  Prince Ribbit (D:5)
  3 dream sheep (Lair:1)
  4 blink frogs (Lair:2)
  5 slime creatures (D:10)
  2 wraiths
  A vampire (D:11)
  16 yaks
  5 wyverns
  3 basilisks
  A steam dragon (D:8)
  Edmund (D:5)
  4 acid dragons
  11 water moccasins
  3 orc warriors (D:7)
  2 black bears (D:4)
  2 ice beasts
  6 ogres
  9 wolves
  4 centaurs
  A phantom (D:3)
  6 kobold brigands
  The ghost of Arctor the Magician, an amateur DEFE (D:4)
  13 bullfrogs
  Blork the orc (D:5)
  7 wights
  8 killer bees
  2 electric eels
  2 howler monkeys
  2 bombardier beetles
  6 hounds
  2 jellies
  6 orc priests
  A scorpion zombie (D:4)
  2 iguanas
  10 orc wizards
  5 adders
  A shadow imp (D:8)
  An adder zombie (D:4)
  2 ribbon worms
  4 dart slugs
  35 orcs
  5 ball pythons
  5 endoplasms
  4 giant cockroaches
  7 goblins
  5 hobgoblins
  2 jackals (D:1)
  33 kobolds
  2 bats
  3 frilled lizards
  4 rats
312 creatures vanquished.

Vanquished Creatures (collateral kills)
  A manticore (D:11)
  A slime creature (D:11)
2 creatures vanquished.

Vanquished Creatures (others)
  An arcanist (D:10)
  A dream sheep (Lair:1)
  A vampire (D:11)
3 creatures vanquished.

Grand Total: 317 creatures vanquished

Notes
Turn   | Place    | Note
-------+----------+-------------------------------------------
     0 | D:1      | monsoonserge the Human Enchanter began the quest for the
                  | Orb.
     0 | D:1      | Reached XP level 1. HP: 13/13 MP: 3/3
   106 | D:1      | Reached XP level 2. HP: 16/19 MP: 5/5
   109 | D:1      | Learned a level 2 spell: Ensorcelled Hibernation
   602 | D:2      | Identified the +0 scale mail of Zuudisyo {+Blink +Inv}
   659 | D:2      | Reached XP level 3. HP: 25/25 MP: 3/6
   663 | D:2      | Learned a level 3 spell: Confusing Touch
  1477 | D:3      | Reached XP level 4. HP: 25/31 MP: 2/7
  1577 | D:3      | Reached skill level 1 in Ice Magic
  1706 | D:3      | Learned a level 2 spell: Blink
  1874 | D:3      | Noticed a centaur
  1879 | D:3      | Killed a centaur
  1880 | D:3      | Reached skill level 1 in Fighting
  1880 | D:3      | Reached XP level 5. HP: 24/37 MP: 5/8
  1893 | D:3      | Reached skill level 1 in Armour
  1893 | D:3      | Reached skill level 1 in Translocations
  2036 | D:3      | Reached XP level 6. HP: 43/43 MP: 2/9
  2342 | D:4      | Reached skill level 5 in Stealth
  2352 | D:4      | Found Lampacuxi's General Store.
  2358 | D:4      | Reached XP level 7. HP: 48/48 MP: 7/10
  2364 | D:4      | Bought a scroll of poison for 44 gold pieces
  2364 | D:4      | Bought a scroll of noise for 11 gold pieces
  2364 | D:4      | Bought a potion of enlightenment for 55 gold pieces
  2465 | D:4      | Found Tuixoiru's Book Shop.
  2651 | D:4      | Reached skill level 4 in Hexes
  2751 | D:4      | Noticed a wyvern
  2759 | D:4      | Killed a wyvern
  2783 | D:4      | Found a sacrificial altar of Ru.
  2800 | D:4      | Became a worshipper of Ru the Awakened
  2812 | D:4      | Reached XP level 8. HP: 55/55 MP: 2/12
  2944 | D:4      | Reached skill level 5 in Short Blades
  3015 | D:4      | Found a runed translucent gate.
  3021 | D:4      | Found a runed translucent gate.
  3021 | D:4      | Noticed Arctor's ghost (amateur DEFE)
  3022 | D:4      | Found a runed translucent gate.
  3024 | D:4      | Found a basalt altar of Yredelemnul.
  3688 | D:5      | Entered Level 5 of the Dungeon
  3722 | D:5      | Noticed Edmund
  3723 | D:5      | Found a transporter.
  3746 | D:5      | Killed Edmund
  3786 | D:5      | Found Tapyg's General Store.
  3788 | D:5      | Found a transporter.
  3836 | D:5      | Bought a scroll of fog for 52 gold pieces
  3951 | D:5      | Reached skill level 5 in Hexes
  4172 | D:5      | Noticed Prince Ribbit
  4180 | D:5      | Killed Prince Ribbit
  4186 | D:5      | Reached XP level 9. HP: 12/62 MP: 5/13
  4469 | D:5      | Noticed Blork the orc
  4477 | D:5      | Killed Blork the orc
  4879 | D:6      | Gained mutation: You cannot train Armour skill. [Ru
                  | sacrifice]
  4879 | D:6      | Reached * piety under Ru
  5010 | D:6      | Found a staircase to the Ecumenical Temple.
  5049 | D:6      | Found Ziafo's Weapon Boutique.
  5246 | D:6      | Reached skill level 6 in Hexes
  5468 | D:6      | Found a glowing golden altar of the Shining One.
  5556 | D:6      | Found a broken altar of Ashenzari.
  5629 | D:6      | Found a hazy altar of Hepliaklqana.
  6073 | Temple   | Entered the Ecumenical Temple
  6444 | D:7      | Found a transporter.
  6508 | D:7      | Found a transporter.
  6619 | D:7      | Found a white marble altar of Elyvilon.
  6715 | D:7      | Reached skill level 1 in Evocations
  6731 | D:7      | Reached skill level 1 in Throwing
  6895 | D:8      | Found a burning altar of Makhleb.
  6926 | D:8      | Reached XP level 10. HP: 71/71 MP: 2/14
  6952 | D:8      | Reached skill level 7 in Hexes
  7145 | D:7      | Gained mutation: You occasionally lose the ability to drink
                  | potions when taking damage. [Ru sacrifice]
  7145 | D:7      | Gained mutation: You sometimes lose the ability to drink
                  | potions when taking damage. [Ru sacrifice]
  7145 | D:7      | Reached ** piety under Ru
  7429 | D:8      | Found a blossoming altar of Fedhas.
  8327 | D:4      | Killed Arctor's ghost
  8865 | D:7      | Identified the +1 cloak of Anaesthesia {rF+ Str+2 SInv}
  9267 | D:9      | Reached skill level 8 in Hexes
  9299 | D:9      | Reached skill level 5 in Dodging
  9536 | D:9      | Reached XP level 11. HP: 78/78 MP: 11/15
  9744 | D:10     | Entered Level 10 of the Dungeon
  9744 | D:10     | Found a bloodstained altar of Trog.
  9753 | D:10     | Noticed a wizard
  9756 | D:10     | Killed a wizard
  9899 | D:10     | Learned a level 4 spell: Cause Fear
  9931 | D:10     | Noticed a two-headed ogre
  9936 | D:10     | Killed a two-headed ogre
  9937 | D:10     | Reached skill level 9 in Hexes
  9954 | D:10     | Noticed a two-headed ogre
  9961 | D:10     | Killed a two-headed ogre
 10141 | D:10     | Noticed a two-headed ogre
 10151 | D:10     | Killed a two-headed ogre
 10156 | D:10     | Learned a level 2 spell: Call Imp
 10224 | D:10     | Gained mutation: You are frail. (-10% HP) [Ru sacrifice]
 10224 | D:10     | Reached *** piety under Ru
 10224 | D:10     | Reached **** piety under Ru
 10327 | D:10     | Identified the +0 whip of Hergh {pain, rPois Will+ Dex+2
                  | Stlth+}
 10348 | D:10     | Reached skill level 5 in Fighting
 10350 | D:10     | Reached skill level 1 in Summonings
 10591 | D:11     | Noticed a two-headed ogre
 10596 | D:11     | Killed a two-headed ogre
 10617 | D:11     | Reached skill level 10 in Short Blades
 10638 | D:11     | Noticed a two-headed ogre
 10651 | D:11     | Noticed a cyclops
 10660 | D:11     | Killed a two-headed ogre
 10661 | D:11     | Reached skill level 10 in Hexes
 10983 | D:11     | Reached XP level 12. HP: 77/77 MP: 6/18
 11371 | D:11     | Noticed a boulder beetle
 11533 | D:11     | Found a staircase to the Lair.
 11585 | D:11     | Found a staircase to the Orcish Mines.
 11670 | D:11     | Reached skill level 11 in Hexes
 11720 | D:11     | Noticed a boulder beetle
 11737 | D:11     | Killed a boulder beetle
 11835 | D:11     | Learned a level 5 spell: Summon Forest
 12423 | Lair:1   | Entered Level 1 of the Lair of Beasts
 12596 | Lair:1   | Reached skill level 5 in Summonings
 12599 | Lair:1   | Reached skill level 5 in Spellcasting
 12802 | Lair:1   | Gained mutation: You are missing an eye, making it more
                  | difficult to aim. [Ru sacrifice]
 12802 | Lair:1   | Reached ***** piety under Ru
 13456 | Lair:2   | Found a gate leading to a gauntlet.
 13464 | Lair:2   | Reached skill level 1 in Alchemy
 13466 | Lair:2   | Noticed an eight-headed hydra
 13469 | Gauntlet | Entered a Gauntlet
 13469 | Gauntlet | Found a runed translucent gate.
 13469 | Gauntlet | Found a transporter.
 13469 | Gauntlet | Found a runed translucent gate.
 13469 | Gauntlet | Found a runed translucent gate.
 13469 | Gauntlet | Found a transporter.
 13470 | Gauntlet | Noticed a death scarab
 13471 | Gauntlet | Found a transporter.
 13484 | Gauntlet | Found a transporter.
 13520 | Gauntlet | Found a transporter.
 13522 | Gauntlet | Noticed a catoblepas
 13535 | Gauntlet | Found a transporter.
 13537 | Gauntlet | Found a transporter.
 13638 | Gauntlet | Found a transporter.
 13639 | Gauntlet | Found a transporter.
 13639 | Gauntlet | Found a transporter.
 13641 | Gauntlet | Noticed a cacodemon
 13652 | Gauntlet | Found a transporter.
 13666 | Gauntlet | Found a runed translucent door.
 13667 | Gauntlet | Found a transporter.
 13668 | Gauntlet | Found a runed translucent door.
 13674 | Gauntlet | Noticed a hell beast
 13677 | Gauntlet | Found a transporter.
 13691 | Gauntlet | Found a transporter.
 13982 | Gauntlet | Killed a catoblepas
 14043 | Gauntlet | Killed a hell beast
 14044 | Gauntlet | Reached XP level 13. HP: 29/71 MP: 7/22
 14085 | Gauntlet | Noticed a minotaur
 14104 | Gauntlet | Killed a minotaur
 14114 | Gauntlet | Learned a level 5 spell: Yara's Violent Unravelling
 14116 | Gauntlet | Identified the staff of Lust {rN+++ Str-4 Int-4 Tloc Earth}
 14416 | Lair:2   | Found a hole to the Spider Nest.
 14683 | Lair:2   | Found a staircase to the Shoals.
 14764 | Lair:2   | Identified the +6 orcbow of the Old World {flame, ^Drain
                  | Will++ rCorr Stlth+}
 14832 | Lair:2   | Noticed a dire elephant
 15074 | Lair:3   | Mangled by a wyvern

Illustrated notes

Levels and vault maps discovered:
D:1:      denvon_arrival_planthouse, layout_rooms
D:2:      layout_basic
D:3:      layout_rooms, minmay_misc_feat_ornament, small_statue_intersection
D:4:      layout_basic, mainiacjoe_overflow_alcove_1,
          nicolae_yredelemnul_ghost_church, serial_shops, nicolae_stop_n_shop_2,
          nicolae_stop_n_shop_1
D:5:      layout_loops_ring, serial_shops, nicolae_shop_drivethru,
          uniq_blork_the_orc, uniq_prince_ribbit1, uniq_edmund
D:6:      layout_basic, mainiacjoe_overflow_two_lobes, tso_metal_star,
          minmay_temple_entry_junction, serial_shops, shop
D:7:      gammafunk_beogh_shrine, layout_rooms, nicolae_elyvilon_temple_path
D:8:      layout_layer_cave, mainiacjoe_overflow_small_starburst,
          lemuel_tele_altar
D:9:      layout_big_octagon
D:10:     layout_roguey, trog_wizard
D:11:     layout_rooms, lair_entry_dummy, orc_0_dummy, nicolae_doodle_vault
D:12:     layout_cave_pools, zin_statuary
Temple:   hellmonk_temple_forest_ring
Lair:1:   layout_regular_city, cheibrodos_lair_lostbears, grunt_megastairs_2
Lair:2:   layout_long_grid, elwin_shoals_entry_rocks,
          spider_nest_entry_web_field, gauntlet_entry_generic,
          nicolae_lair_grazing_beasts [nicolae_sub_lair_graze_edge,
          nicolae_sub_lair_graze_edge, nicolae_sub_lair_graze_edge,
          nicolae_sub_lair_graze_edge]
Lair:3:   beast_lair_carwin_large_2, layout_cave_pods

Skill      XL: |  1  2  3  4  5  6  7  8  9 10 11 12 13 |
---------------+----------------------------------------+-----
Short Blades   | 2 3 4 6 8 9 10 | 10.0
Ice Magic      | 1 2 |  2.0
Fighting       | 1 2 3 4 5 6 |  6.0
Stealth        | 4 5 |  5.0
Armour         | 1 2 3 0 |  0.0
Translocations | 1 4 |  4.6
Spellcasting   | 3 4 6 7 |  7.0
Hexes          | 4 5 6 8 10 11 | 11.0
Dodging        | 3 4 5 6 7 |  7.0
Evocations     | 2 3 4 |  4.0
Throwing       | 2 3 |  3.6
Summonings     | 3 6 7 |  7.5
Alchemy        | 2 3 |  3.9

Action                     |  1- 3 |  4- 6 |  7- 9 | 10-12 | 13-15 || total
---------------------------+-------+-------+-------+-------+-------++-------
  Melee: Dagger            |    63 |    83 |   328 |   433 |    61 ||   968
         Punch             |       |       |     7 |     7 |       ||    14
  Throw: Boomerang         |       |       |    36 |     2 |       ||    38
   Cast: Ensorcelled Hiber |     7 |    21 |    68 |   193 |    33 ||   322
         Confusing Touch   |       |       |     8 |    12 |     3 ||    23
         Blink             |       |       |     1 |     5 |     3 ||     9
         Call Imp          |       |       |       |     3 |     3 ||     6
         Cause Fear        |       |       |       |     1 |       ||     1
 Invoke: Sacrifice Durabil |       |       |     1 |       |       ||     1
         Sacrifice Drink   |       |       |       |     1 |       ||     1
         Sacrifice Health  |       |       |       |     1 |       ||     1
         Apocalypse        |       |       |       |     3 |     2 ||     5
         Sacrifice an Eye  |       |       |       |     1 |       ||     1
         Draw Out Power    |       |       |       |       |     1 ||     1
  Evoke: Wand              |       |       |       |     3 |       ||     3
         Phantom mirror    |       |       |       |     1 |       ||     1
    Use: Scroll            |       |     5 |     4 |     6 |       ||    15
         Potion            |       |       |       |     3 |       ||     3
   Stab: Sleeping          |    11 |    17 |    46 |   107 |    15 ||   196
         Distracted        |       |     1 |       |       |     1 ||     2
         Confused          |       |       |     7 |     8 |     1 ||    16
         Invisible         |       |       |       |     9 |     2 ||    11
         Paralysed         |       |       |       |     1 |     5 ||     6
 Armour: Robe              |    19 |     8 |    24 |       |       ||    51
         Leather armour    |       |    11 |    78 |       |       ||    89
         Acid dragon scale |       |       |     8 |    18 |       ||    26
         Steam dragon scal |       |       |       |   163 |    50 ||   213
  Dodge: Dodged            |    38 |    51 |   159 |   305 |    34 ||   587
